← All builds
Geo sea / Cortex / Economy first / OBSERVED BUILD

Standard geo sea

Cortex Geo sea build order · Supreme Isthmus

The role's default economy-first play: bot lab then shipyard in the cove, quick frigate/submarine/destroyer navy to contest sea and hold the coast, transitioning into whatever the sea fight needs.

Usually shipyard in the cove (98%)

#naval #eco · 993 distinct matches · 101 players · 83% of Cortex Geo sea games · team won 52% of 1114 · Recently observed

HOW TO PLAY IT

Key timing: Shipyard by 3:18

  1. Open 3 mex, wind and solar, then Bot Lab.
  2. Get a BP and costal torpedo launcher up before the Shipyard.
  3. Put up Shipyard once you can defend it.
  4. Push out "submarine" and "frigate" to contest the sea.
  5. Add geothermal to fund the fleet transition into "destroyer", "missile corvette".

Phase by phase

TYPICAL OF ITS 993 GAMES
  1. 1
  2. 2
  3. 3
  4. 4
PLAY THE OPENING

Follow the example game's first 6:00 step by step: what to build now, what comes next, and where it goes. At 1× it keeps pace with your own game.

  1. 1

    Up to the Bot Lab

    Economy
    • Metal Extractor3Mex
    • Wind Turbine3Wind
    Order
    1. Bot LabBot Lab after 3 mex, 3 winddone ~1:12, middle half 1:07–1:26

    Some games also: wind for allies (49%)

    By 0:55 in all: 3 mex · 3 wind

    The example game in this phase · 7 steps
    1. Mex ×3
    2. Wind ×2for unknown
    3. Wind ×2
    4. Windfor unknown
    5. Wind ×2
    6. Energy storage
    7. Bot LabBot Labdone 1:49 · typical 1:12
  2. 2

    Bot Lab to Shipyard

    Economy
    • Metal Extractor1Mex
    • Wind Turbine2Wind
    Order
    1. ShipyardShipyard after 4 mex, 5 wind, 1 energy storagedone ~3:17, middle half 3:02–3:33
    Builders
    • Construction Bot3 Con bot
    • Graverobber2 Graverobber
    Army
    • Grunt1 Grunt

    Some games also: con turret (46%) · trasher (39%) · energy storage (34%) · wind for allies (32%)

    By 2:51 in all: 4 mex · 5 wind · 1 energy storage

    The example game in this phase · 5 steps
    1. Construction BotCon bot ×3
    2. Con turret
    3. TrasherTrasher
    4. GraverobberGraverobber
    5. ShipyardShipyarddone 3:16 · typical 3:17
  3. 3

    Shipyard to 5:00

    Economy
    • Metal Extractor4Mex
    Builders
    • Construction Ship1 Con ship
    Army
    • Riptide2 Frigate
    • Orca1 Submarine
    Other
    • Radar Tower1 Radar Tower

    Some games also: Guard (49%) · wind (49%) · missile corvette (48%) · destroyer (46%) · gunboat (40%)

    By 5:00 in all: 8 mex · 6 wind · 1 energy storage · 1 con turret

    The example game in this phase · 9 steps
    1. GraverobberGraverobber
    2. RiptideFrigatedone 3:34 · typical 4:35
    3. Mex
    4. RiptideFrigate ×2
    5. Construction ShipCon ship
    6. Mex
    7. OrcaSubmarinedone 4:51 · typical 4:19
    8. Mex ×2
    9. Radar TowerRadar Tower
  4. 4

    5:00 to 10:00

    Economy
    • Metal Extractor2Mex
    • Wind Turbine8Wind
    • Energy Converter1Converter
    Builders
    • Construction Turret1 Con turret
    • Death Cavalry2 Death Cavalry
    • Construction Ship1 Con ship
    Army
    • Guard1 Guard
    • Riptide5 Frigate
    • Oppressor2 Destroyer
    Other
    • Naval Radar / Sonar Tower2 Naval Radar / Sonar Tower

    Some games also: geo (47%) · Thistle (40%) · submarine (34%)

    By 10:00 in all: 10 mex · 15 wind · 1 geo · 4 converter · 1 energy storage · 2 con turret

    The example game in this phase · 78 steps
    1. OrcaSubmarine
    2. Mex
    3. ThistleThistle
    4. OrcaSubmarine
    5. GuardGuard
    6. Naval Radar / Sonar TowerNaval Radar / Sonar Tower
    7. Wind
    8. Death CavalryDeath Cavalry
    9. Wind
    10. GuardGuard
    11. Wind
    12. Construction ShipCon ship
    13. Wind
    14. OppressorDestroyerdone 7:48 · typical 5:52
    15. Wind
    16. Naval Construction Turret
    17. Wind
    18. GuardGuard
    19. Naval Radar / Sonar TowerNaval Radar / Sonar Tower
    20. Wind
    21. Naval Construction Turret
    22. Wind
    23. RiptideFrigate
    24. Wind
    25. RiptideFrigate
    26. Wind
    27. HerringMissile corvette
    28. Wind
    29. Geothermal PowerplantGeodone 11:29 · typical 8:00
    30. Wind
    31. Death CavalryDeath Cavalry
    32. Wind ×2
    33. RiptideFrigate
    34. Wind
    35. RiptideFrigate
    36. Wind
    37. RiptideFrigate
    38. Wind ×2
    39. RiptideFrigate
    40. Wind
    41. Advanced Metal ExtractorT2 mexdone 11:03 · typical 9:21
    42. Wind ×3
    43. Naval Radar / Sonar TowerNaval Radar / Sonar Tower
    44. Wind
    45. OppressorDestroyer
    46. Wind
    47. ShipyardShipyarddone 11:42
    48. OppressorDestroyer
    49. Wind
    50. OppressorDestroyer
    51. UrchinUrchin
    52. Wind
    53. Advanced Metal ExtractorT2 mex
    54. UrchinUrchin
    55. Advanced Metal ExtractorT2 mex
    56. OppressorDestroyer
    57. Construction ShipCon ship
    58. HarpoonHarpoon
    59. Con turret
    60. Construction ShipCon ship
    61. Advanced Metal ExtractorT2 mex
    62. OppressorDestroyer
    63. Construction ShipCon ship
    64. Mex
    65. Construction ShipCon ship
    66. Naval Construction Turret
    67. HarpoonHarpoon
    68. Naval Radar / Sonar TowerNaval Radar / Sonar Tower
    69. OppressorDestroyer ×3
    70. Con turret
    71. OppressorDestroyer
    72. Con turret
    73. Naval Construction Turret
    74. Advanced Geothermal PowerplantAdvanced Geothermal Powerplantnot finished by 15:00
    75. Con turret
    76. Naval Radar / Sonar TowerNaval Radar / Sonar Tower
    77. Advanced Metal ExtractorT2 mex
    78. Construction ShipCon ship

Counts are medians over the build's games: half of them build more, half fewer. The example game is iLike2Eco's (36 OS, 02/10/2026); pick another.

Team trades

IN AT LEAST 30% OF ITS GAMES

You hand over

  • Wind Turbine2 Wind to Airfirst at 1:48 · in 71% of games

You get

  • Finch1 Finch from Airfirst at 1:51 · in 83% of games
  • Hercules1 Light transport from Airfirst at 2:00 · in 75% of games
  • Advanced Construction Bot1 T2 con bot from Techfirst at 7:43 · in 89% of games

How it plays out

Typical game of this build, running totals by minute

Metal produced

010k20k30k
0:005:0010:0015:00

metal

Enemy metal destroyed

05k10k
0:005:0010:0015:00

metal

Own metal lost

02.5k5k7.5k
0:005:0010:0015:00

metal

1114 games.

Show as table
ByMetal produced: This buildEnemy metal destroyed: This buildOwn metal lost: This build
1:0039700
2:0092800
3:00156700
4:002899051
5:00410913552
6:005461441242
7:006946931551
8:0086181570906
9:001049724501367
10:001261036252062
11:001521848702893
12:001810063303773
13:002136173614451
14:002499586015363
15:002874196886321
WHAT THE NUMBERS SAY

Standard Cortex geo sea sits at an even 50% win rate, trading a slower start for a big resource lead by 15:00.

  • + Metal produced hits 28451 by 15:00, well above both front roles
  • + Own metal lost stays far below enemy metal destroyed at every checkpoint
  • − Only 50% team win rate, the lowest of these six builds
  • − T2 factory only completes in 40% of games by 12:53
THE EXAMPLE YOU ARE READING

iLike2Eco

35.6 OS · 02/10/2026

Open source match ↗

8 received units · includes a constructor
1514 metal received · 62687 energy received

Allied construction assistance is unknown. Timings are observations, not a promise of solo reproducibility.

Typical milestones

Bot Lab1:12Middle 50%: 1:07–1:26 · n=1103
Shipyard3:17Middle 50%: 3:02–3:33 · n=1108
Orca4:19Middle 50%: 3:54–5:00 · n=769
Riptide4:35Middle 50%: 4:07–5:20 · n=1081
Oppressor5:52Middle 50%: 5:08–6:36 · n=1009
Geothermal Powerplant8:00Middle 50%: 7:01–9:02 · n=664
Advanced Metal Extractor9:21Middle 50%: 8:45–10:10 · n=955

Played most by

sirniho123games of this buildSHOGVN94games of this buildOptimusprimenutt84games of this buildPRO_Rerory48games of this buildhihimik41games of this build